 Seeded DCSS version 0.30.1-9-gdf580d7c3d (webtiles) character file.

Game seed: 7229806256980976716 (custom seed)

207 Psyclone the Digger (level 6, 45/45 HPs)
             Began as a Meteoran Earth Elementalist on Oct 16, 2023.
             Quit the game on level 4 of the Dungeon.
             The game lasted 00:04:06 (1124 turns).

Psyclone the Digger (Meteoran Earth Elementalist)   Turns: 1124, Time: 00:04:06

Health: 45/45      AC:  5    Str:  9    XL:     6   Next: 33%
Magic:  14/14      EV: 12    Int: 19    God:
Gold:   3873       SH:  0    Dex: 15    Spells: 8/14 levels left

rFire   . . .        p - staff of earth
rCold   . . .        (no shield)
rNeg    . . .        a - +0 robe
rPois   .            (no helmet)
rElec   .            (no cloak)
rCorr   .            n - +0 pair of gloves
SInv    .            (no boots)
Will    .....        (no amulet)
Stlth   +            (no ring)
HPRegen 0.27/turn    (no ring)
MPRegen 0.14/turn

%: no passive effects
@: glowing
A: sense surroundings 2, otherworldly, glowing, explore regen, iridescent scales
1, evolution 1, MP-powered wands, noise suppression
a: no special abilities


You were on level 4 of the Dungeon.
You visited 1 branch of the dungeon, and saw 4 of its levels.

You collected 3873 gold pieces.

Inventory:

Missiles
 d - a throwing net {!f}
Armour
 a - a +0 robe (worn)
 n - a +0 pair of gloves (worn)
Magical Staves
 p - a staff of earth (weapon)
Scrolls
 c - 3 scrolls of amnesia {unknown}
 e - a scroll of identify {unknown}
 f - 2 scrolls of blinking {unknown}
 h - a scroll of enchant armour {unknown}
 l - a scroll of poison {unknown}
Potions
 b - a potion of magic
 g - a potion of might {unknown}
 i - 2 potions of curing {unknown}
 j - a potion of invisibility {unknown}
 k - a potion of brilliance {unknown}
 m - a potion of mutation
 o - a potion of cancellation {unknown}
 q - a potion of heal wounds {unknown}


   Skills:
 - Level 2.4 Dodging
 - Level 1.4 Stealth
 * Level 4.9 Spellcasting
 + Level 3.1 Transmutations
 * Level 5.5 Earth Magic


You had 8 spell levels left.
You knew the following spells:

 Your Spells              Type           Power      Damage    Failure   Level
a - Sandblast             Erth           76%        2d16      1%          1
b - Passwall              Tmut/Erth      25%        N/A       3%          2
c - Stone Arrow           Conj/Erth      44%        3d9       12%         3

Your spell library contained the following spells:

 Spells                   Type           Power      Damage    Failure   Level
 Cigotuvi's Dreadful Rot  Necr/Pois/Air  8%         N/A       19%         2
 Poisonous Vapours        Pois/Air       8%         N/A       19%         2
 Petrify                  Tmut/Erth      31%        N/A       21%         4
 Mephitic Cloud           Conj/Pois/Air  4%         N/A       36%         3
 Dispel Undead            Necr           4%         3d7       77%         4
 Freezing Cloud           Conj/Ice/Air   2%         6-21      98%         5
 Death Channel            Necr           2%         N/A       100%        6


Dungeon Overview and Level Annotations

Branches:
Dungeon (4/15) Zot: 1251   Temple (0/1) D:4

Altars:
Elyvilon
Qazlal
The Shining One

Portals:
Ossuary: D:4

Annotations:
D:3 3 runed translucent doors


Innate Abilities, Weirdness & Mutations

You passively map the area around you.
You are easily found by Zot.
You glow in the dark.
You regain HP and MP as you explore.
You are partially covered in iridescent scales. (AC +2)
You have hidden genetic potential.
You expend magic power (3 MP) to strengthen your wands.
You passively dampen the noise of your surroundings.


Message History

You now have 13/14 mp.
Casting: Sandblast (safe; 1% risk of failure)
Confirm with . or Enter, or press ? or * to list all spells.
You can't see any susceptible monsters within range! (Use Z to cast anyway.) Unknown command.
You hear the brisk hiss of a very distant avalanche of sand.
MP restored: 14
Casting: Sandblast (safe; 1% risk of failure)
Confirm with . or Enter, or press ? or * to list all spells.
You can't see any susceptible monsters within range! (Use Z to cast anyway.) Unknown command.
Key pressed, stopping explore.
Key pressed, stopping explore.
Found a glowing golden altar of the Shining One.
Key pressed, stopping explore.
Found an amethyst potion.
You hear the quick hiss of a very distant avalanche of sand.
You see here an amethyst potion.
Found a quarterstaff.
Found 8 gold pieces.
Found a pink potion.
Key pressed, stopping explore.
Key pressed, stopping explore.
Key pressed, stopping explore.
Key pressed, stopping explore.
As you open the door, it creaks loudly!
There is an open door here.
You hear the quick hiss of a very distant avalanche of sand.
You see here a +0 quarterstaff.
You see here a +0 robe.
There is a stone staircase leading up here.
You see here 21 gold pieces.
You see here a +0 dagger.
You hear the rapid hiss of a very distant avalanche of sand.
Done exploring.
You see here a +0 short sword.
Unknown command.
Unknown command.
Unknown command.
Are you sure you want to abandon this character and quit the game? (Confirm with "yes".)

#......# #.......# ##.....#
##.......########## .##....#
##..........##.....#
'###...#######...........#.......
....#..##........................
...###..#.#####..................
..##∩##..........................
.###'###..####...................
................@................
##...###................##..#....
##..###.######.>.......##.[#...#
#..##.(######>.#......#.###.###
#.....................#.#.#.###
##..##...#####.....<...#..##....
##.<.....######..................
##......###............######....
.......##...###........# ##$..


There were no monsters in sight!

Vanquished Creatures
  A scorpion (D:4)
  A jelly (D:2)
  A sleepcap (D:4)
  A mummy (D:4)
  4 adders
  A worm (D:3)
  2 ball pythons
  2 bats
  An endoplasm (D:2)
  4 giant cockroaches
  2 goblins (D:4)
  4 hobgoblins
  6 jackals
  A kobold (D:4)
  2 quokkas
  A frilled lizard (D:1)
  A goblin zombie (D:4)
  An orc zombie (D:4)
  3 rats
39 creatures vanquished.

Notes
Turn   | Place    | Note
-------+----------+-------------------------------------------
     0 | D:1      | Psyclone the Meteoran Earth Elementalist began the quest
                  | for the Orb.
     0 | D:1      | Reached XP level 1. HP: 14/14 MP: 5/5
    64 | D:1      | Identified 3 scrolls of acquirement
    64 | D:1      | Acquired 1248 gold pieces
    65 | D:1      | Acquired 1275 gold pieces
    88 | D:1      | Acquired 1252 gold pieces
   159 | D:1      | Reached XP level 2. HP: 20/20 MP: 3/6
   193 | D:1      | Gained mutation: You are partially covered in iridescent
                  | scales. (AC +2) [potion of mutation]
   193 | D:1      | Gained mutation: You expend magic power (3 MP) to
                  | strengthen your wands. [potion of mutation]
   193 | D:1      | Gained mutation: You have hidden genetic potential. [potion
                  | of mutation]
   193 | D:1      | Gained mutation: You have great hidden genetic potential.
                  | [potion of mutation]
   282 | D:2      | Reached skill level 4 in Earth Magic
   301 | D:2      | Reached XP level 3. HP: 26/26 MP: 6/8
   325 | D:2      | Reached XP level 4. HP: 33/33 MP: 5/10
   328 | D:2      | Learned a level 2 spell: Passwall
   328 | D:2      | Gained mutation: You passively dampen the noise of your
                  | surroundings. [hidden potential]
   332 | D:2      | Learned a level 3 spell: Stone Arrow
   460 | D:3      | Found a runed translucent gate.
   460 | D:3      | Found a runed translucent gate.
   460 | D:3      | Found a runed translucent gate.
   527 | D:4      | Noticed a scorpion
   535 | D:4      | Killed a scorpion
   536 | D:4      | Reached skill level 5 in Earth Magic
   536 | D:4      | Reached XP level 5. HP: 30/38 MP: 3/12
   558 | D:4      | Gained mutation: You passively map the area around you.
                  | [hidden potential]
   558 | D:4      | Lost mutation: You have great hidden genetic potential.
                  | [hidden potential expressed]
   596 | D:4      | Reached XP level 6. HP: 45/45 MP: 10/13
   618 | D:4      | Found a staircase to the Ecumenical Temple.
   627 | D:4      | Found a stormy altar of Qazlal.
   707 | D:4      | Found a white marble altar of Elyvilon.
   742 | D:4      | Found a sand-covered staircase.
   954 | D:4      | Found a glowing golden altar of the Shining One.
  1124 | D:4      | Quit the game

Illustrated notes

Levels and vault maps discovered:
D:1:      spicycebolla_arrival_ecumenical, layout_loops_ring
D:2:      layout_basic
D:3:      layout_rooms, mainiacjoe_overflow_paths, gammafunk_ghost_necromancy
D:4:      layout_rooms, tso_metal_star, mainiacjoe_overflow_catwalk,
          elyvilon_altar_5, minmay_temple_entry_stoned_glass,
          nicolae_ossuary_entry_giza, minmay_misc_feat_square, minivault_4

Skill      XL: |  1  2  3  4  5  6 |
---------------+-------------------+-----
Spellcasting   | 3 4 |  4.9
Earth Magic    | 4 5 |  5.5
Transmutations | 2 3 |  3.1
Dodging        | |  2.4
Stealth        | |  1.4

Action                     |  1- 3 |  4- 6 || total
---------------------------+-------+-------++-------
  Melee: Staff             |       |     1 ||     1
   Cast: Sandblast         |    13 |    38 ||    51
         Passwall          |       |     4 ||     4
         Stone Arrow       |       |     1 ||     1
    Use: Scroll            |     3 |       ||     3
         Potion            |     1 |       ||     1
 Armour: Robe              |       |     7 ||     7
  Dodge: Dodged            |     1 |     6 ||     7
